 Dungeon Crawl Stone Soup version 0.26-a0-1139-g7d2dc893a1 (webtiles) character file.

Game seed: 1565055389194072060

1428 Dracia the Caller (level 8, -6/58 HPs)
             Began as a Demonspawn Gladiator on Dec 21, 2020.
             Killed by divine providence
             ... invoked by an orc priest
              (14 damage)
             ... on level 6 of the Dungeon.
             The game lasted 00:10:22 (7470 turns).

Dracia the Caller (Demonspawn Gladiator)            Turns: 7470, Time: 00:10:22

Health: -6/58      AC:  9    Str: 15    XL:     8   Next: 44%
Magic:  12/14      EV: 13    Int: 10    God:
Gold:   305        SH:  0    Dex: 14    Spells: 7/15 levels left

rFire    . . .     SeeInvis .   n - +0 trident
rCold    + . .     Faith    .   (no shield)
rNeg     . . .     Spirit   .   b - +0 leather armour
rPois    .         Reflect  .   (helmet restricted)
rElec    .         Harm     .   i - +1 cloak
rCorr    .         Rampage  .   (no gloves)
Will     .....                  (no boots)
Stlth    ++........             (no amulet)
HPRegen  0.19/turn              Q - ring of stealth
MPRegen  0.14/turn              (no ring)

@: no status effects
A: claws 1, horns 2, talons 1, iridescent scales 2, cold resistance 1, demonic
guardian 1, dopey 1
a: no special abilities


You were on level 6 of the Dungeon.
You visited 2 branches of the dungeon, and saw 7 of its levels.

You collected 305 gold pieces.


Innate Abilities, Weirdness & Mutations

You have a pair of horns on your head.
You are mostly covered in iridescent scales. (AC +4)
Your flesh is cold resistant. (rC+)
A weak demonic guardian rushes to your aid.
You have sharp fingernails.
You have sharp toenails.
You are dopey. (Int -2)


   Skills:
 - Level 3.3 Fighting
 + Level 3.5(4.6) Polearms
 - Level 4.5(5.1) Staves
 - Level 1.7 Throwing
 - Level 2.2 Armour
 - Level 3.7 Dodging
 + Level 4.4 Spellcasting
 + Level 4.8 Summonings


You had 7 spell levels left.
You knew the following spells:

 Your Spells              Type           Power        Failure   Level
c - Call Imp              Summ           11%          6%          2
f - Call Canine Familiar  Summ           11%          12%         3
g - Summon Guardian Gole  Hex/Summ       7%           32%         3

Your spell library contained the following spells:

 Spells                   Type           Power        Failure   Level
 Summon Small Mammal      Summ           44%          4%          1
 Summon Ice Beast         Ice/Summ       7%           73%         4
 Summon Lightning Spire   Summ/Air       7%           73%         4

Inventory:

Hand Weapons
 a - a +1 quarterstaff
 h - a +0 spear
 m - a +0 whip
 n - a +0 trident (weapon)
Missiles
 d - 3 throwing nets (quivered) {=f=f}
 r - 15 poisoned darts
 s - 3 atropa-tipped darts
Armour
 b - a +0 leather armour (worn)
 c - a +0 helmet
 i - a +1 cloak (worn)
 l - a -2 chain mail
Magical Staves
 q - an uncursed staff of poison {!a!a}
Jewellery
 C - an uncursed ring of ice
 Q - a ring of stealth (left claw)
 T - an uncursed amulet of faith {!P!P}
Wands
 e - a wand of acid (8)
Scrolls
 g - a scroll of amnesia
 o - a scroll of identify {@r1@r1}
 p - 5 scrolls of remove curse {@r2@r2}
 t - a scroll of enchant weapon
Potions
 f - 3 potions of flight
 j - 5 potions of haste {@q3@q3}
 k - a potion of curing {@q1@q1}

Dungeon Overview and Level Annotations

Branches:
Dungeon (6/15)             Temple (1/1) D:5

Altars:
Ashenzari
Dithmenos
Elyvilon
Gozag
Hepliaklqana
Kikubaaqudgha
Makhleb
Okawaru
Qazlal
Ru
Trog
Uskayaw
Vehumet
Wu Jian
Xom
Yredelemnul
Zin
The Shining One

.#........#.#......#......#####.#
#................(##.#...# .#
#.................##.#...# .#
....................#.#...#
....................#.#...#
....................#.#...#
.......><..........##.#...#.#
##.##.##############{#.....#.
...... ......)@..§oo........
##.##. ############o.#.##### # ..
.......o # ###..#.### #..#...
#..# ### #..# #..#


You could see an orc warrior, an orc priest and an orc.


Message History

The orc wizard is healed somewhat.
Your hound bites the orc wizard.
You barely miss the orc wizard. Your kick misses the orc wizard.
Your headbutt misses the orc wizard.
The orc wizard hits your hound but does no damage.
The orc wizard casts a spell at you. You resist with some effort.
Your hound closely misses the orc wizard.
You hit the orc wizard. Your kick misses the orc wizard.
You headbutt the orc wizard!
The orc wizard is almost dead.
Your hound completely misses the orc warrior.
The orc wizard mumbles some strange words.
The orc wizard flickers and vanishes!
Deactivating autopickup; reactivate with Ctrl-A.
Your hound bites the orc warrior but does no damage.
Something hits you but does no damage.
You completely miss something.
Your hound closely misses the orc warrior.
The orc warrior hits your hound with a +0 war axe!
Your hound dies!
Your hound's corpse disappears in a puff of smoke!
The orc wizard casts a spell.
The orc wizard flickers and vanishes!
Something hits you but does no damage.
You miss something. You headbutt something.
Reactivating autopickup.
You feel a bit more experienced.
The orc priest mumbles some strange prayers to Beogh against you.
Beogh smites you!
You die...

Skill      XL: |  1  2  3  4  5  6  7  8 |
---------------+-------------------------+-----
Dodging        | 3 |  3.7
Armour         | 1 2 |  2.2
Fighting       | 3 |  3.3
Staves         | 3 4 |  4.5
Summonings     | 1 2 3 4 |  4.8
Spellcasting   | 1 2 3 4 |  4.4
Polearms       | 2 3 |  3.5
Throwing       | |  1.7

Action                   |  1- 3 |  4- 6 |  7- 9 || total
-------------------------+-------+-------+-------++-------
Melee: Quarterstaff      |    85 |   115 |       ||   200
       Headbutt          |    13 |    17 |    28 ||    58
       Whip              |    44 |       |       ||    44
       Kick              |       |    20 |    32 ||    52
       Trident           |       |       |   141 ||   141
       Spear             |       |       |    37 ||    37
 Cast: Call Imp          |       |       |     3 ||     3
       Call Canine Famil |       |       |     5 ||     5
       Summon Guardian G |       |       |     1 ||     1
  Use: Scroll            |     8 |     1 |     1 ||    10
       Potion            |       |     6 |     1 ||     7
 Stab: Sleeping          |     2 |     5 |     3 ||    10
       Distracted        |       |     2 |     2 ||     4
Armor: Leather armour    |    31 |    43 |    57 ||   131
       Chain mail        |     8 |       |       ||     8
Dodge: Dodged            |   110 |    78 |   130 ||   318

Levels and vault maps discovered:
D:1:      dpeg_arrival_leaves_temple_mockup, layout_basic, minivault_19
D:2:      layout_basic, good_gods_mini_temple, nicolae_overflow_hidden_temple,
          overflow_temple_1_default
D:3:      layout_rooms, general_overflow_altar, serial_aquarium,
          aquarium_bridge_straight [aquarium_subvault_bridge,
          aquarium_subvault_wall, aquarium_subvault_bridge,
          aquarium_subvault_balcony], aquarium_bridge_straight
          [aquarium_subvault_bridge, aquarium_subvault_wall,
          aquarium_subvault_bridge, aquarium_subvault_wall], aquarium_window_2,
          aquarium_window_1, aquarium_window_2, aquarium_window_fake,
          aquarium_view_2b, aquarium_view_2e, aquarium_pool_2
D:4:      layout_basic
D:5:      layout_rooms, minmay_temple_entry_arrows, minmay_starry_boxes,
          uniq_menkaure, uniq_crazy_yiuf_cottage
D:6:      layout_basic
Temple:   nicolae_temple_figure_eight

Notes
Turn   | Place    | Note
-------+----------+-------------------------------------------
     0 | D:1      | Dracia the Demonspawn Gladiator began the quest for the
                  | Orb.
     0 | D:1      | Reached XP level 1. HP: 16/16 MP: 1/1
   165 | D:1      | Gained mutation: You have a pair of small horns on your
                  | head. [demonic ancestry]
   165 | D:1      | Reached XP level 2. HP: 10/22 MP: 2/2
   445 | D:1      | Reached skill level 3 in Dodging
   540 | D:1      | Reached skill level 1 in Armour
   836 | D:1      | Reached XP level 3. HP: 26/28 MP: 3/3
  1625 | D:2      | Found a radiant altar of Vehumet.
  2020 | D:2      | Found a glowing silver altar of Zin.
  2020 | D:2      | Found a glowing golden altar of the Shining One.
  2020 | D:2      | Found a white marble altar of Elyvilon.
  2539 | D:3      | Gained mutation: You are partially covered in iridescent
                  | scales. (AC +2) [demonic ancestry]
  2539 | D:3      | Reached XP level 4. HP: 34/34 MP: 4/4
  2547 | D:3      | Reached skill level 3 in Fighting
  2548 | D:3      | Reached skill level 2 in Armour
  2628 | D:3      | Gained mutation: You are mostly covered in iridescent
                  | scales. (AC +4) [demonic ancestry]
  2628 | D:3      | Reached XP level 5. HP: 41/41 MP: 5/5
  2662 | D:3      | Found a hide-covered altar of Uskayaw.
  2667 | D:3      | Learned a level 2 spell: Call Imp
  3187 | D:3      | Gained mutation: You evolve. [potion of mutation]
  3187 | D:3      | Gained mutation: You have a pair of horns on your head.
                  | [potion of mutation]
  3187 | D:3      | Gained mutation: You have sharp fingernails. [potion of
                  | mutation]
  3187 | D:3      | Gained mutation: You have sharp toenails. [potion of
                  | mutation]
  3282 | D:4      | Reached skill level 3 in Staves
  3381 | D:3      | Reached skill level 1 in Summonings
  3384 | D:3      | Reached skill level 1 in Spellcasting
  3577 | D:4      | Gained mutation: A weak demonic guardian rushes to your
                  | aid. [demonic ancestry]
  3577 | D:4      | Reached XP level 6. HP: 47/47 MP: 7/7
  3737 | D:4      | Reached skill level 4 in Staves
  3737 | D:4      | Reached skill level 2 in Summonings
  3818 | D:4      | Reached skill level 2 in Spellcasting
  4150 | D:4      | Gained mutation: Your flesh is cold resistant. (rC+)
                  | [demonic ancestry]
  4150 | D:4      | Reached XP level 7. HP: 52/52 MP: 10/10
  4310 | D:4      | Learned a level 3 spell: Call Canine Familiar
  4528 | D:5      | Entered Level 5 of the Dungeon
  4578 | D:5      | Reached skill level 1 in Polearms
  4592 | D:5      | Noticed Menkaure
  4877 | D:4      | Gained mutation: You are dopey. (Int -2) [evolution]
  4877 | D:4      | Lost mutation: You evolve. [end of evolution]
  5144 | D:5      | Killed Menkaure
  5145 | D:5      | Reached skill level 3 in Summonings
  5300 | D:5      | Reached skill level 3 in Spellcasting
  5568 | D:5      | Found a runed translucent door.
  5569 | D:5      | Noticed Crazy Yiuf
  5637 | D:5      | Reached skill level 2 in Polearms
  5966 | D:4      | HP: 1/47 [wight/+1 battleaxe (5)]
  5968 | D:4      | Reached XP level 8. HP: 1/55 MP: 13/13
  6155 | D:4      | Reached skill level 4 in Summonings
  6311 | D:5      | Found a staircase to the Ecumenical Temple.
  6451 | D:5      | Reached skill level 3 in Polearms
  6493 | D:5      | Reached skill level 4 in Spellcasting
  6895 | Temple   | Entered the Ecumenical Temple
  7145 | D:5      | Killed Crazy Yiuf
  7242 | D:6      | Learned a level 3 spell: Summon Guardian Golem
  7470 | D:6      | Killed from afar by an orc priest

Vanquished Creatures
  2 phantoms
  A bullfrog (D:6)
  A gnoll sergeant (D:5)
  3 scorpions
  2 wights
  A howler monkey (D:5)
  A bullfrog zombie (D:5)
  A jelly (D:6)
  3 hounds
  Crazy Yiuf (D:5)
  A centaur skeleton (D:5)
  2 gnoll shamans (D:4)
  3 orc wizards
  An iguana (D:4)
  2 worker ants
  A hound skeleton (D:4)
  8 gnolls
  5 adders
  A white imp (D:6)
  An ooze (D:1)
  An adder zombie (D:5)
  4 dart slugs
  4 leopard geckos
  6 orcs
  A ball python (D:3)
  7 giant cockroaches
  8 goblins
  6 hobgoblins
  5 jackals (D:1)
  12 kobolds
  A quokka (D:5)
  A ball python skeleton (D:4)
  8 bats
  3 frilled lizards (D:1)
  A leopard gecko zombie (D:5)
  2 quokka skeletons (D:5)
  5 rats
116 creatures vanquished.

Vanquished Creatures (collateral kills)
  Menkaure (D:5)
  A sky beast (D:4)
  An ogre (D:6)
  A wight (D:4)
  2 howler monkeys
  2 gnolls
  A quokka zombie (D:5)
9 creatures vanquished.

Grand Total: 125 creatures vanquished

Table legend: (Time is in decaauts)
 A = Elapsed time spent in this place.
 B = Non-inter-level travel time spent in this place.
 C = Inter-level travel time spent in this place.
 D = Time resting spent in this place.
 E = Time spent auto-exploring this place.
 F = Levels seen in this place.
 G = Mean time per level.
                   A        B        C        D        E       F      G
               +--------+--------+--------+--------+--------+-----+--------+
         Total |   7500 |   7252 |    248 |   1636 |   4564 |   7 | 1071.4 |
       Dungeon |   7305 |   7069 |    236 |   1636 |   4381 |   6 | 1217.5 |
        Temple |    194 |    183 |     11 |      0 |    183 |   1 |  194.0 |
               +--------+--------+--------+--------+--------+-----+--------+

Top non-repeatable levels by time:
     D:4: 2358 daAuts
     D:5: 1314 daAuts
     D:1: 1232 daAuts
     D:3: 1157 daAuts
     D:2: 969 daAuts
     D:6: 273 daAuts
  Temple: 194 daAuts

Table legend:
 A = Non-vault XP
 B = Vault XP
 C = Vault XP percentage of total XP
 D = Non-vault monster count
 E = Vault monster count
 F = Vault count percentage of total count
                 A         B        C        D         E       F
            +---------+---------+-------+---------+---------+-------
      Total |    1809 |     267 |  12.9 |     121 |       4 |   3.2
            +---------+---------+-------+---------+---------+-------
        D:1 |      58 |       0 |   0.0 |      29 |       0 |   0.0
        D:2 |      24 |       0 |   0.0 |      12 |       0 |   0.0
        D:3 |     196 |       0 |   0.0 |      30 |       0 |   0.0
        D:4 |     747 |      30 |   3.9 |      22 |       1 |   4.3
        D:5 |     501 |     237 |  32.1 |      22 |       3 |  12.0
        D:6 |     283 |       0 |   0.0 |       6 |       0 |   0.0
            +---------+---------+-------+---------+---------+-------
